 Dungeon Crawl Stone Soup version 0.29.1-12-g30fa7ad0bf (webtiles) character file.

Game seed: 10485290008632715551

3381 wingedge the Cleaver (level 10, 0/93 HPs)
             Began as a Hill Orc Fighter on Jan 2, 2023.
             Was a Priest of Wu Jian.
             Slain by a killer bee (6 damage)
             ... on level 8 of the Dungeon.
             The game lasted 00:14:39 (6583 turns).

wingedge the Cleaver (Hill Orc Fighter)             Turns: 6583, Time: 00:14:40

Health: 0/93       AC: 14    Str: 24    XL:     10   Next: 3%
Magic:  10/10      EV: 10    Int:  8    God:    Wu Jian [***...]
Gold:   440        SH: 10    Dex: 22    Spells: 9/9 levels left

rFire   . . .      SeeInvis .   a - +1 war axe
rCold   . . .      Faith    .   w - +0 kite shield
rNeg    . . .      Spirit   .   z - +3 ring mail of Hubris {Dex+6}
rPois   +          Reflect  .   o - +2 helmet
rElec   .          Harm     .   (no cloak)
rCorr   .          Rampage  .   (no gloves)
Will    .....                   s - +0 pair of boots
Stlth   +.........              i - amulet of the acrobat
HPRegen 0.25/turn               G - ring of poison resistance
MPRegen 0.12/turn               r - +6 ring of dexterity

@: mighty
A: no striking features
a: Renounce Religion, Wall Jump, Serpent's Lash


You were on level 8 of the Dungeon.
You worshipped Wu Jian.
Wu Jian was most pleased with you.
You visited 2 branches of the dungeon, and saw 9 of its levels.
You also visited: Ossuary.

You collected 440 gold pieces.

Inventory:

Hand Weapons
 a - a +1 war axe (weapon)
Armour
 b - a +0 scale mail
 c - a +0 buckler
 o - a +2 helmet (worn)
 s - a +0 pair of boots (worn)
 w - a +0 kite shield (worn)
 z - the +3 ring mail of Hubris (worn) {Dex+6}
   (You found it on level 5 of the Dungeon)

   Dex:       It affects your dexterity (+6).
Jewellery
 i - an amulet of the acrobat (around neck)
 j - an amulet of magic regeneration
 m - a ring of protection from cold
 r - a +6 ring of dexterity (right hand)
 F - a ring of positive energy
 G - a ring of poison resistance (left hand)
 J - an amulet of faith
Scrolls
 d - 2 scrolls of teleportation
 e - a scroll of enchant weapon
 h - a scroll of poison
 q - 2 scrolls of immolation
 t - a scroll of vulnerability
 y - 2 scrolls of amnesia {unknown}
 A - 2 scrolls of blinking {unknown}
 C - 2 scrolls of fear
 I - 2 scrolls of brand weapon {unknown}
Potions
 f - 3 potions of flight
 g - a potion of attraction {unknown}
 k - a potion of lignification {unknown}
 l - a potion of resistance {unknown}
 n - 4 potions of mutation {unknown}
 p - a potion of haste {unknown}
 u - a potion of invisibility {unknown}
 v - 5 potions of might
 x - 4 potions of heal wounds {unknown}
 B - 2 potions of ambrosia {unknown}
 D - 2 potions of curing {unknown}
 E - a potion of berserk rage {unknown}
 H - a potion of brilliance {unknown}


   Skills:
 + Level 10.0 Fighting
 - Level 12.0 Axes
 - Level 8.0 Armour
 - Level 2.0 Dodging
 - Level 3.2 Shields


You had 9 spell levels left.
You didn't know any spells.
Your spell library contained the following spells:

 Spells                   Type           Power      Damage    Failure   Level
 Magic Dart               Conj           0%         1d3       89%         1
 Sandblast                Erth           0%         2d4       89%         1
 Ensorcelled Hibernation  Hex/Ice        0%         N/A       96%         2
 Passwall                 Tmut/Erth      0%         N/A       96%         2
 Dazzling Flash           Conj/Hex       0%         N/A       99%         3
 Ignite Poison            Fire/Tmut/Pois 0%         N/A       99%         3
 Mephitic Cloud           Conj/Pois/Air  0%         N/A       99%         3
 Spider Form              Tmut/Pois      0%         N/A       99%         3
 Stone Arrow              Conj/Erth      0%         3d7       99%         3
 Airstrike                Air            0%         2d(0-16)  100%        4
 Anguish                  Hex/Necr       0%         N/A       100%        4
 Sticky Flame             Conj/Fire      0%         2d3       100%        4
 Summon Lightning Spire   Summ/Air       0%         N/A       100%        4
 Freezing Cloud           Conj/Ice/Air   0%         6-21      100%        5
 Lightning Bolt           Conj/Air       0%         1d11      100%        5


Dungeon Overview and Level Annotations

Branches:
Dungeon (8/15)             Temple (1/1) D:7         Ossuary (visited)
   Lair: D:8-11

Altars:
Dithmenos
Makhleb
Okawaru
Ru
Uskayaw
Vehumet
Wu Jian
Xom
The Shining One


Message History

You closely miss the killer bee. You block the killer bee's attack.
The centaur warrior hits you but does no damage.
The centaur warrior kicks you but does no damage.
The killer bee stings you but does no damage.
The centaur warrior hits you.
* * * LOW HITPOINT WARNING * * *
The centaur warrior completely misses you.
The killer bee stings you but does no damage.
Unknown command.
Unknown command.
You slice the centaur warrior!!
You kill the centaur warrior!
The Council accepts your kill.
You hit the killer bee. You block the killer bee's attack.
The killer bee barely misses you.
Training target 7.0 for Armour reached!
Your Armour skill increases to level 7!
You need to enable at least one skill for training.
Training target 8.0 for Armour reached!
Your Armour skill increases to level 8!
You need to enable at least one skill for training.
You have reached level 10!
You feel stronger.
Unknown command.
You hit the killer bee.
The killer bee is severely wounded.
The killer bee barely misses you. You block the killer bee's attack.
Unknown command.
Unknown command.
You barely miss the killer bee.
The killer bee is severely wounded.
You block the killer bee's attack.
The killer bee stings you but does no damage.
Unknown command.
Unknown command.
Unknown command.
You barely miss the killer bee.
The killer bee is severely wounded.
The killer bee closely misses you. The killer bee stings you.
You die...

###......# #.
....#####......# ..
#......#######+# #.
#......# #. #......# .
#.....# ####.....###...
........)..'...
######..@# #. ........y#
#. .######..# #. ####..#
#. #.....# #'# #.
#.###.###.# #.# #.
#.........# #.# #.
#####.##### ##.######.
##...##########.........


You could see a killer bee.

Vanquished Creatures
  A centaur warrior (D:8)
  Pikel (D:7)
  A wyvern (D:8)
  A water moccasin (D:7)
  An ice beast (D:5)
  2 sky beasts
  A black bear (D:5)
  An orc warrior (D:7)
  2 ogres
  A phantom (D:5)
  4 lemures (D:7)
  Blork the orc (D:6)
  2 elf zombies (Ossuary)
  2 necrophages
  A scorpion (D:5)
  5 wights (D:7)
  2 killer bees (D:8)
  An orc priest (D:5)
  3 hounds
  2 human zombies (Ossuary)
  5 iguanas
  4 orc wizards
  2 mummies (Ossuary)
  6 gnolls
  4 adders
  2 shadow imps
  An ufetubus (D:7)
  3 adder zombies (Ossuary)
  A worm (D:2)
  2 dart slugs
  16 orcs
  5 endoplasms
  5 giant cockroaches
  7 goblins
  3 hobgoblins
  8 jackals
  2 quokkas
  10 ball pythons
  9 bats
  2 frilled lizards
  3 goblin zombies (Ossuary)
  8 hobgoblin zombies (Ossuary)
  A jackal zombie (Ossuary)
  7 kobolds
  10 kobold zombies (Ossuary)
  6 orc zombies (Ossuary)
  5 rats
  2 rat zombies (Ossuary)
174 creatures vanquished.

Notes
Turn   | Place    | Note
-------+----------+-------------------------------------------
     0 | D:1      | wingedge the Hill Orc Fighter began the quest for the Orb.
     0 | D:1      | Reached XP level 1. HP: 19/19 MP: 1/1
   195 | D:1      | Reached skill level 3 in Axes
   196 | D:1      | Reached XP level 2. HP: 19/27 MP: 2/2
   569 | D:1      | Reached XP level 3. HP: 31/35 MP: 3/3
   585 | D:1      | Reached skill level 5 in Fighting
   693 | D:1      | You fall into a shaft and drop 1 floor!
   698 | D:2      | Found an ornate altar of the Wu Jian Council.
   706 | D:2      | Became a worshipper of the Wu Jian Council
   808 | D:2      | Reached XP level 4. HP: 15/44 MP: 4/4
  1678 | D:3      | Found a shimmering altar of Xom.
  1774 | D:3      | Reached XP level 5. HP: 25/50 MP: 5/5
  1934 | D:3      | Reached skill level 4 in Axes
  2239 | D:3      | Reached * piety under Wu Jian
  2246 | D:3      | Reached skill level 5 in Axes
  2272 | D:3      | Found a glowing golden altar of the Shining One.
  2534 | D:3      | Found a faded altar of an unknown god.
  2736 | D:4      | Reached skill level 6 in Axes
  2736 | D:4      | Reached XP level 6. HP: 57/57 MP: 6/6
  3140 | D:4      | Reached skill level 7 in Axes
  3474 | D:4      | Got the Precepts of Striking
  3724 | D:5      | Entered Level 5 of the Dungeon
  3739 | D:5      | Found a sacrificial altar of Ru.
  3748 | D:5      | Noticed a black bear
  3759 | D:5      | Killed a black bear
  3760 | D:5      | Reached XP level 7. HP: 48/64 MP: 7/7
  3893 | D:5      | Identified the +3 ring mail of Hubris {Dex+6}
  4110 | D:5      | Found a shadowy altar of Dithmenos.
  4145 | D:5      | Reached skill level 8 in Axes
  4303 | D:5      | Found a radiant altar of Vehumet.
  4355 | D:5      | Reached skill level 9 in Axes
  4355 | D:5      | Reached skill level 1 in Dodging
  4355 | D:5      | Reached XP level 8. HP: 46/73 MP: 8/8
  4749 | D:6      | Noticed Blork the orc
  4757 | D:6      | Killed Blork the orc
  4758 | D:6      | Reached skill level 5 in Armour
  5375 | D:7      | Found a burning altar of Makhleb.
  5425 | D:7      | Found a sand-covered staircase.
  5433 | Ossuary  | Entered an ossuary
  5446 | Ossuary  | Reached ** piety under Wu Jian
  5678 | D:7      | Found a staircase to the Ecumenical Temple.
  5687 | Temple   | Entered the Ecumenical Temple
  5771 | D:7      | Reached XP level 9. HP: 71/83 MP: 9/9
  5830 | D:7      | Reached skill level 10 in Fighting
  5949 | D:7      | Reached *** piety under Wu Jian
  6061 | D:7      | Noticed Pikel
  6086 | D:7      | Killed Pikel
  6087 | D:7      | Reached skill level 11 in Axes
  6568 | D:8      | Noticed a centaur warrior
  6570 | D:8      | Reached skill level 12 in Axes
  6580 | D:8      | Killed a centaur warrior
  6581 | D:8      | Reached XP level 10. HP: 5/93 MP: 10/10
  6583 | D:8      | Slain by a killer bee

Illustrated notes

Levels and vault maps discovered:
D:1:      scummos_arrival_checkerplants, layout_loops_cross, dk_noncrumbling_4
D:2:      layout_loops_cross, basic_altar, minmay_misc_feat_doors,
          nrook_mini_backslash, kennysheep_potato
D:3:      layout_basic, mainiacjoe_overflow_catwalk,
          nicolae_tso_swordbearing_angel,
          shapermc_ecumenical_altar_mp_highgroup,
          nicolae_concentric_dashed_squares_wild, hangedman_feature_mirror
D:4:      layout_loops_ring
D:5:      layout_basic, nicolae_ru_path_of_blood,
          mainiacjoe_overflow_cross_hatched, nicolae_dithmenos_shadow_blocks
D:6:      layout_rooms, uniq_blork_the_orc
D:7:      layout_cave_pools, bloody_makhleb, minmay_temple_entry_grid,
          nicolae_ossuary_entry_plus, uniq_pikel
D:8:      layout_loops_corners, minivault_11, uniq_amaemon
Temple:   nicolae_temple_slightly_damp_pantheon

Skill      XL: |  1  2  3  4  5  6  7  8  9 |
---------------+----------------------------+-----
Fighting       | 4 5 6 7 9 10 | 10.0
Axes           | 3 6 7 9 12 | 12.0
Armour         | 4 6 8 |  8.0
Dodging        | 1 2 |  2.0
Shields        | |  3.2

Action                   |  1- 3 |  4- 6 |  7- 9 | 10-12 || total
-------------------------+-------+-------+-------+-------++-------
Melee: War axe           |   106 |   170 |   302 |     3 ||   581
Throw: Throwing net      |       |     1 |       |       ||     1
Invok: Lunge             |     3 |    12 |    16 |       ||    31
       Whirlwind         |       |       |    11 |       ||    11
 Abil: Wall Jump         |       |       |     2 |       ||     2
  Use: Potion            |     1 |     1 |     1 |       ||     3
       Scroll            |       |       |     7 |       ||     7
 Stab: Sleeping          |       |       |     1 |       ||     1
Armor: Scale mail        |    43 |    89 |    16 |       ||   148
       Ring mail         |       |       |   101 |     1 ||   102
Dodge: Dodged            |    73 |    75 |   109 |     2 ||   259
Block: Buckler           |    29 |    23 |       |       ||    52
       Kite shield       |       |    21 |   159 |     2 ||   182
